 Dungeon Crawl Stone Soup version 0.18.1-8-gdd0e5ea (webtiles) character file.

171615 George the Fencer (level 17, -4/158 HPs)
             Began as a Minotaur Fighter on May 22, 2016.
             Was the Champion of the Shining One.
             Shot with a bolt by a yaktaur captain (25 damage)
             ... on level 1 of the Vaults.
             The game lasted 01:19:08 (35312 turns).

George the Fencer (Minotaur Fighter)               Turns: 35312, Time: 01:19:09

Health: -4/158     AC: 29    Str: 23    XL:     17   Next: 14%
Magic:  25/25      EV:  5    Int:  5    God:    the Shining One [******]
Gold:   3636       SH: 16    Dex: 15    Spells: 0 memorised, 16 levels left

rFire  + . .     SeeInvis .     y - +3 scimitar (flame)
rCold  + . .     Gourm    .     B - +0 crystal plate armour
rNeg   + + +     Faith    .     c - +1 shield
rPois  .         Spirit   .     (helmet restricted)
rElec  .         Dismiss  .     Z - +0 cloak
rCorr  .         Reflect  .     k - +0 pair of gloves
SustAt .         Harm     .     m - +0 pair of boots
MR     ++...                    i - amulet of rage
Stlth  ..........               e - ring of protection from magic
                                R - ring of protection from cold

@: glowing, very resistant to hostile enchantments, extremely unstealthy
A: retaliatory headbutt, horns 2, fire resistance 1, regeneration 1
a: Divine Shield, Cleansing Flame, Summon Divine Warrior, Brand Weapon With Holy
Wrath, Renounce Religion, Evoke Berserk Rage
}: 1/15 runes: decaying


You were on level 1 of the Vaults.
You worshipped the Shining One.
The Shining One was exalted by your worship.
You were hungry.

You visited 6 branches of the dungeon, and saw 31 of its levels.
You visited the Abyss 1 time.
You also visited: Sewer.

You collected 3737 gold pieces.

Inventory:

Hand Weapons
 y - a +3 scimitar of flaming (weapon)
Armour
 c - a +1 shield (worn)
 k - a +0 pair of gloves (worn)
 m - a +0 pair of boots (worn)
 B - a +0 crystal plate armour (worn)
 Z - a +0 cloak (worn)
Jewellery
 e - a ring of protection from magic (right hand)
 i - an amulet of rage (around neck)
 O - an uncursed ring of protection from cold
 Q - an uncursed ring of flight
 R - a ring of protection from cold (left hand)
Wands
 n - a wand of iceblast (7/15)
 w - a wand of teleportation (3/9)
 z - a wand of lightning (13/15)
 E - a wand of disintegration (8/24)
 P - a wand of lightning (5/15)
 V - a wand of disintegration (14/24)
 X - a wand of teleportation (5/9)
 Y - a wand of iceblast (5/15)
Scrolls
 h - 6 scrolls of remove curse
 j - 3 scrolls of fog
 p - 8 scrolls of enchant weapon
 q - 16 scrolls of identify
 t - 6 scrolls of fear
 v - 5 scrolls of enchant armour
 x - 2 scrolls of holy word
 D - 5 scrolls of magic mapping
 G - 7 scrolls of teleportation
 H - 5 scrolls of immolation
 I - 2 scrolls of recharging
 S - 4 scrolls of blinking
Potions
 d - 5 potions of might
 g - 5 potions of heal wounds
 l - 5 potions of curing
 r - 2 potions of cancellation
 s - 5 potions of agility
 u - 5 potions of haste
 F - 6 potions of resistance
 J - 3 potions of cure mutation
 K - 3 potions of magic
 M - 2 potions of ambrosia
 N - 3 potions of mutation
Miscellaneous
 C - a plain deck of wonders
 T - a stone of tremors
 U - a plain deck of wonders {drawn: 2}
Comestibles
 b - 3 slices of pizza
 f - 27 bread rations
 o - 15 meat rations
 A - 8 beef jerkies
 L - 34 fruits
 W - 13 royal jellies


   Skills:
 + Level 16.0 Fighting
 + Level 18.5 Long Blades
 + Level 15.9 Armour
 + Level 16.0 Shields
 + Level 13.2 Invocations


You had 16 spell levels left.
You didn't know any spells.

Dungeon Overview and Level Annotations

Branches:
Dungeon (15/15)            Temple (1/1) D:6            Lair (8/8) D:11
  Swamp (4/4) Lair:5        Snake (0/4) Lair:3        Slime (0/6) Lair:6
    Orc (2/2) D:9             Elf (0/3) Orc:2        Vaults (1/5) D:14
 Depths (0/5) D:15

Altars:
Ashenzari
Cheibriados
Dithmenos
Elyvilon
Fedhas
Gozag
Kikubaaqudgha
Makhleb
Nemelex Xobeh
Okawaru
Pakellas
Qazlal
Ru
Sif Muna
Trog
Vehumet
Xom
Yredelemnul
Zin
The Shining One
Jiyva

Shops:
D:15 [   Orc:2 }[(?   Vaults:1 :

Portals:
Hell: Lair:8
Trove: D:12 (give 3 potions of cure mutation)

Annotations:
D:7 Prince Ribbit
D:10 exclusion: oklob plant
D:13 Sonja
Lair:5 exclusion: oklob plant


Innate Abilities, Weirdness & Mutations

You reflexively headbutt those who attack you in melee.
You have a pair of horns on your head.
Your flesh is heat resistant.
Your natural rate of healing is unusually fast.


Message History

You block the bolt.
You see here a bolt.
The yaktaur captain shoots a bolt.
You block the bolt.
You see here a bolt.
The yaktaur captain shoots a bolt.
The bolt hits you!!
* * * LOW HITPOINT WARNING * * *
You see here a bolt.
The yaktaur captain unwields an uncursed arbalest.
The yaktaur captain hits you but does no damage.
You open the door.
The runic seal fades away.
The yaktaur captain wields an uncursed arbalest.
The yaktaur captain shoots a bolt.
The bolt barely misses you.
There is an open door here.
The yaktaur captain shoots a bolt.
The bolt hits you!
* * * LOW HITPOINT WARNING * * *
You see here 2 bolts.
The yaktaur captain shoots a bolt.
You block the bolt.
The yaktaur captain shoots a bolt.
The bolt hits you!!
You die...

#####............ ...
................. ....
.#####'#........ ....
##.....##.......
....##############.......##......
....#...........+.#.....#.#......
....#...........#..#####..#......
....#..###.###..#..#####..#..####
....#..#.....#..@.#.....#.#..#...
....#..#.#.#.#..##.......##..#...
....#.....#.....#.#....)#.#..#...
....#..#.#.#.#..#..#####).#..#...
....#..#.....#..#..#####..#..#...
..(.#..###c###o.#.#.....#.#..#...
....#.......(...##.......##..#...
....#.).).......###.....##...####
######+#######'##.#######........


You could see a yaktaur captain and an orc knight.

Vanquished Creatures
  Rupert (D:15)
  Agnes (D:14)
  Wiglaf (Vaults:1)
  An orc warlord (D:9)
  2 ironheart preservers (Vaults:1)
  A dire elephant (Lair:8)
  An ettin (Orc:1)
  2 fire dragons (Vaults:1)
  Josephine (Lair:6)
  Fannar (D:11)
  A vault guard (Vaults:1)
  A yaktaur captain (D:15)
  2 ghost crabs
  A hell beast (Lair:8)
  16 hydras
  3 death knights
  A catoblepas (Lair:8)
  5 centaur warriors
  2 dancing weapons (D:14)
  6 ogre magi
  7 alligators
  9 death yaks
  A deep troll earth mage (Vaults:1)
  A fire crab (Vaults:1)
  2 unseen horrors
  5 swamp dragons
  3 spriggan druids
  3 spectral hydras (Swamp:4)
  2 deep trolls (Vaults:1)
  2 giant orange brains (Vaults:1)
  A flayed ghost (Vaults:1)
  A shambling mangrove (Swamp:3)
  5 hill giants
  A wolf spider zombie (D:15)
  5 orc knights (Vaults:1)
  A necromancer (Vaults:1)
  4 phantasmal warriors
  A wizard (Lair:8)
  6 cyclopes
  The ghost of no0bjke the Shield-Bearer, a novice GrFi (D:8)
  2 orc sorcerers (Orc:2)
  A wolf spider (D:13)
  3 deep elf magi
  A manticore (D:14)
  2 griffons
  9 ugly things
  5 elephants (Lair:6)
  A black mamba (Lair:5)
  A vault sentinel (Vaults:1)
  A torpor snail (Lair:8)
  6 orange demons (Lair:8)
  20 spiny frogs
  A yaktaur (D:15)
  2 kobold demonologists
  4 freezing wraiths
  A rime drake (Lair:8)
  2 efreet (D:13)
  A hellwing (Lair:8)
  6 komodo dragons
  2 ice devils (Lair:8)
  4 swamp worm zombies (Swamp:4)
  2 red devils (Lair:8)
  16 two-headed ogres
  2 hydra zombies (Swamp:4)
  6 polar bears
  A queen bee (Lair:2)
  12 trolls
  4 giant leeches
  19 slime creatures
  9 bog bodies
  A spectral swamp dragon (Swamp:4)
  3 blink frogs (Lair:5)
  4 alligator zombies (Swamp:4)
  2 boulder beetles
  A vampire (D:13)
  A wyvern (D:15)
  4 redbacks (Vaults:1)
  4 spriggans
  A shadow (Swamp:4)
  A tarantella (Vaults:1)
  8 wraiths
  64 yaks
  6 basilisks
  32 vampire mosquitoes
  A steam dragon (D:8)
  A yaktaur simulacrum (Vaults:1)
  11 hippogriffs
  2 hungry ghosts
  10 swamp worms
  A large abomination (Abyss:3)
  4 mottled dragons
  A soldier ant (D:11)
  10 insubstantial wisps
  2 wargs (Orc:1)
  2 nagas (Lair:3)
  A water moccasin (shapeshifter) (D:15)
  12 water moccasins
  9 swamp drakes
  Duvessa (D:6)
  10 porcupines
  4 sky beasts
  5 wasps
  3 phantoms
  An eye of draining (D:11)
  6 ice beasts
  3 swamp dragon zombies (Swamp:4)
  25 orc warriors
  4 black bears
  38 ogres
  14 wolves
  17 centaurs
  19 crocodiles
  9 big kobolds
  21 giant frogs
  A wyvern zombie (D:7)
  Dowan (D:6)
  5 scorpions
  36 killer bees
  18 wights
  An electric eel (Lair:7)
  10 crimson imps
  2 giant frog zombies
  15 orc priests
  A giant frog skeleton (D:9)
  5 hounds
  18 jellies
  4 centaur skeletons
  13 iguanas
  Ijyb (D:2)
  Terence (D:2)
  15 orc wizards
  6 hell rats
  3 spectral swamp drakes (Swamp:4)
  9 worker ants
  17 sheep
  A hound zombie (D:7)
  4 gnolls
  A swamp drake zombie (Swamp:4)
  16 adders
  87 river rats
  3 shadow imps
  14 oozes
  2 adder zombies
  2 adder skeletons (D:4)
  A worm (D:2)
  3 dart slugs
  4 giant geckos
  79 orcs
  A ball python (D:6)
  7 giant cockroaches
  11 goblins
  8 hobgoblins
  7 jackals
  36 kobolds
  5 quokkas
  8 bats
  2 giant newts
  3 quokka skeletons
  23 rats
  A plant (Lair:4)
1147 creatures vanquished.

Vanquished Creatures (collateral kills)
  A bone dragon (Swamp:4)
  An alligator (Swamp:4)
  A hornet (Swamp:4)
  2 ugly things (Vaults:1)
  A hydra zombie (Swamp:4)
  5 insubstantial wisps (Swamp:4)
  A swamp drake (Swamp:4)
  3 phantoms (Swamp:4)
  A swamp dragon zombie (Swamp:4)
16 creatures vanquished.

Vanquished Creatures (others)
  Roxanne (Swamp:3)
  A death drake (Swamp:4)
  A spriggan (Swamp:2)
  A swamp worm (Swamp:4)
  A swamp drake (Swamp:3)
  A wasp (Swamp:4)
  A big kobold (D:9)
  3 river rats
  A kobold (D:7)
  13 fungi
  16 plants
40 creatures vanquished.

Grand Total: 1203 creatures vanquished

Notes
Turn   | Place    | Note
--------------------------------------------------------------
     0 | D:1      | George the Minotaur Fighter began the quest for the Orb.
     0 | D:1      | Reached XP level 1. HP: 19/19 MP: 0/0
    47 | D:1      | Reached skill level 3 in Long Blades
   186 | D:1      | Reached XP level 2. HP: 26/26 MP: 1/1
   443 | D:1      | Reached skill level 4 in Long Blades
   452 | D:1      | Reached XP level 3. HP: 26/31 MP: 2/2
   705 | D:2      | Noticed Terence
   710 | D:2      | Killed Terence
   710 | D:2      | Reached skill level 5 in Long Blades
   850 | D:2      | Reached XP level 4. HP: 39/39 MP: 3/3
   987 | D:2      | Noticed Ijyb
   993 | D:2      | Killed Ijyb
  1130 | D:2      | Reached skill level 6 in Long Blades
  1563 | D:3      | Reached XP level 5. HP: 43/45 MP: 4/4
  2014 | D:4      | Reached skill level 7 in Long Blades
  2712 | D:4      | Reached XP level 6. HP: 46/51 MP: 5/5
  2821 | D:5      | Entered Level 5 of the Dungeon
  2896 | D:5      | Noticed a sky beast
  2904 | D:5      | Killed a sky beast
  2904 | D:5      | Reached skill level 8 in Long Blades
  2976 | D:5      | Found a glowing drain.
  3000 | Sewer    | Entered a sewer
  3073 | Sewer    | Reached skill level 9 in Long Blades
  3073 | Sewer    | Reached XP level 7. HP: 51/57 MP: 6/6
  3093 | Sewer    | Found a white marble altar of Elyvilon.
  3441 | D:5      | Reached skill level 10 in Long Blades
  3792 | D:6      | Found a staircase to the Ecumenical Temple.
  3931 | D:6      | Noticed Duvessa
  3932 | D:6      | Noticed Dowan
  3938 | D:6      | Killed Duvessa
  3938 | D:6      | Reached skill level 11 in Long Blades
  3947 | D:6      | Killed Dowan
  3947 | D:6      | Reached XP level 8. HP: 27/64 MP: 7/7
  4491 | Temple   | Entered the Ecumenical Temple
  4588 | Temple   | Became a worshipper of the Shining One
  4698 | D:7      | Reached skill level 1 in Invocations
  4995 | D:7      | Noticed Prince Ribbit
  4999 | D:7      | Reached skill level 12 in Long Blades
  5281 | D:7      | Reached skill level 5 in Fighting
  5349 | D:7      | Reached skill level 5 in Shields
  5358 | D:7      | Reached skill level 5 in Armour
  5360 | D:7      | Reached XP level 9. HP: 74/74 MP: 9/9
  5383 | D:7      | Reached * piety under the Shining One
  5668 | D:8      | Noticed no0bjke's ghost (novice GrFi)
  5716 | D:8      | Killed no0bjke's ghost
  5716 | D:8      | Reached ** piety under the Shining One
  6169 | D:8      | Found a shimmering altar of Xom.
  6169 | D:8      | Found a radiant altar of Vehumet.
  6322 | D:9      | Noticed a troll
  6334 | D:9      | Killed a troll
  6334 | D:9      | Reached XP level 10. HP: 38/84 MP: 12/12
  6890 | D:9      | Found a staircase to the Orcish Mines.
  7416 | D:9      | Found a blossoming altar of Fedhas.
  7473 | D:10     | Entered Level 10 of the Dungeon
  7596 | D:10     | Reached skill level 13 in Long Blades
  7601 | D:10     | Reached skill level 5 in Invocations
  8037 | D:10     | Noticed a hill giant
  8045 | D:10     | Killed a hill giant
  8139 | D:10     | Reached *** piety under the Shining One
  8160 | D:10     | Noticed an oklob plant
  8705 | D:11     | Found a sacrificial altar of Ru.
  8743 | D:11     | Noticed a four-headed hydra
  8916 | D:11     | Noticed Fannar
  8944 | D:11     | Killed Fannar
  8954 | D:11     | Reached XP level 11. HP: 39/95 MP: 14/14
  9528 | D:11     | Found a staircase to the Lair.
  9818 | D:11     | Noticed an unseen horror
  9826 | D:11     | Killed an unseen horror
 10001 | D:12     | Reached **** piety under the Shining One
 10559 | D:11     | Reached skill level 14 in Long Blades
 10807 | D:12     | Noticed a hill giant
 10821 | D:12     | Killed a hill giant
 10959 | D:12     | Reached skill level 10 in Fighting
 11113 | D:12     | Noticed a hill giant
 11142 | D:12     | Killed a hill giant
 11142 | D:12     | Reached skill level 10 in Shields
 11142 | D:12     | Reached XP level 12. HP: 71/106 MP: 16/16
 11304 | D:12     | Reached skill level 10 in Armour
 11624 | D:12     | Found a portal to a secret trove of treasure.
 11934 | Lair:1   | Entered Level 1 of the Lair of Beasts
 13046 | Lair:2   | Reached ***** piety under the Shining One
 13950 | Lair:3   | Found a staircase to the Snake Pit.
 13980 | Lair:3   | Noticed a six-headed hydra
 13994 | Lair:3   | Killed a six-headed hydra
 14058 | Lair:3   | Noticed a seven-headed hydra
 14069 | Lair:3   | Killed a seven-headed hydra
 14259 | Lair:3   | Reached skill level 15 in Long Blades
 14259 | Lair:3   | Reached XP level 13. HP: 105/116 MP: 18/18
 14577 | Lair:3   | Got a twisted rapier
 14578 | Lair:3   | Identified the cursed +1 rapier "Deessewn" {speed, +Fly rPois rF++ Int-4} (You found it on level 3 of the Lair of Beasts)
 15111 | Lair:4   | Found a deep blue altar of Sif Muna.
 15873 | Lair:5   | Found a staircase to the Swamp.
 15905 | Lair:5   | Found a glowing silver altar of Zin.
 17260 | Lair:6   | Noticed Josephine
 17274 | Lair:6   | Killed Josephine
 17346 | Lair:6   | Reached skill level 10 in Invocations
 17951 | Lair:6   | Found a runed door.
 17952 | Lair:6   | Found a viscous altar of Jiyva.
 17954 | Lair:6   | Found a staircase to the Slime Pits.
 18078 | Lair:7   | Reached XP level 14. HP: 71/127 MP: 20/20
 19078 | Lair:7   | Reached skill level 16 in Long Blades
 19093 | Lair:8   | Entered Level 8 of the Lair of Beasts
 19576 | Lair:8   | HP: 4/127 [boulder beetle (30)]
 20966 | Lair:8   | Gained mutation: Your natural rate of healing is unusually fast. [potion of beneficial mutation]
 21105 | Lair:8   | Reached ****** piety under the Shining One
 21450 | Lair:8   | Found a burning altar of Makhleb.
 21530 | Lair:8   | Found a gateway to Hell.
 21857 | Orc:1    | Entered Level 1 of the Orcish Mines
 22233 | Orc:2    | Entered Level 2 of the Orcish Mines
 22289 | Orc:2    | Found Nus Ogru's Weapon Emporium.
 22289 | Orc:2    | Found Rehuyr's Magic Scroll Shop.
 22290 | Orc:2    | Found Dageih's Gadget Boutique.
 22290 | Orc:2    | Found Medoteac's Antique Armour Emporium.
 22918 | Orc:1    | Noticed an orc warlord
 23202 | D:9      | Cast into level 3 of the Abyss (orc warlord)
 23265 | Abyss:3  | Noticed a starcursed mass
 23275 | D:9      | Escaped the Abyss
 23400 | D:9      | Hired Muwiogem the big kobold for 101 gold.
 23406 | D:9      | Your ally Muwiogem died
 23408 | D:9      | Killed an orc warlord
 23815 | Orc:2    | HP: 3/129 [ogre mage/club (5)]
 23818 | Orc:2    | Reached XP level 15. HP: 22/137 MP: 22/22
 24118 | Orc:2    | Found a staircase to the Elven Halls.
 24896 | D:13     | Noticed Sonja
 25630 | D:13     | Reached skill level 17 in Long Blades
 26147 | D:14     | Noticed Agnes
 26158 | D:14     | Killed Agnes
 26382 | D:14     | Found a gate to the Vaults.
 26832 | D:15     | Entered Level 15 of the Dungeon
 26960 | D:15     | Found a white marble altar of Elyvilon.
 27013 | D:15     | Found Kofu Hai's Antique Armour Shoppe.
 27111 | D:15     | Found a staircase to the Depths.
 27319 | D:15     | Noticed Rupert
 27343 | D:15     | Killed Rupert
 27887 | Swamp:1  | Entered Level 1 of the Swamp
 29266 | Swamp:2  | Reached XP level 16. HP: 46/147 MP: 24/24
 29982 | Swamp:3  | Noticed Roxanne
 30110 | Swamp:3  | Reached skill level 15 in Shields
 30661 | Swamp:3  | Killed Roxanne
 30671 | Swamp:3  | Identified Roxanne's Papyrus of Shape Shifting
 30846 | Swamp:3  | Reached skill level 15 in Fighting
 31046 | Swamp:4  | Entered Level 4 of the Swamp
 31097 | Swamp:3  | Reached skill level 15 in Armour
 31114 | Swamp:3  | HP: 4/149 [spiny frog (8)]
 31896 | Swamp:4  | Gained mutation: Your flesh is heat resistant. [potion of beneficial mutation]
 31923 | Swamp:4  | Reached skill level 18 in Long Blades
 31929 | Swamp:4  | HP: 6/149 [giant leech[a spriggan druid] (5)]
 31934 | Swamp:4  | HP: 4/149 [ghost crab[a spriggan druid] (9)]
 31935 | Swamp:4  | The Shining One protects you from harm!
 31938 | Swamp:4  | The Shining One protects you from harm!
 32899 | Swamp:4  | Noticed a bone dragon
 32928 | Swamp:4  | Killed a bone dragon
 32947 | Swamp:4  | Got a decaying rune of Zot
 33352 | Vaults:1 | Entered Level 1 of the Vaults
 33743 | Vaults:1 | Found Witsy's Book Shoppe.
 34162 | Vaults:1 | Noticed Wiglaf
 34173 | Vaults:1 | Killed Wiglaf
 34521 | Vaults:1 | Reached XP level 17. HP: 137/158 MP: 25/25
 35312 | Vaults:1 | Shot with a bolt by a yaktaur captain

Skill      XL: |  1  2  3  4  5  6  7  8  9 10 11 12 13 14 15 16 17 |
---------------+----------------------------------------------------+-----
Long Blades    | 3 4 5 6 7 9 11 12 13 14 15 16 17 18 | 18.5
Invocations    | 2 4 5 7 8 10 11 12 13 | 13.2
Fighting       | 5 6 8 10 11 12 13 14 15 16 | 16.0
Armour         | 5 6 8 9 11 12 13 14 15 | 15.9
Shields        | 5 6 8 10 11 12 13 14 15 16 | 16.0

Action                   |  1- 3 |  4- 6 |  7- 9 | 10-12 | 13-15 | 16-18 || total
-------------------------+-------+-------+-------+-------+-------+-------++-------
Melee: Long sword        |    66 |   165 |   245 |       |       |       ||   476
       Headbutt          |    11 |    23 |    60 |   175 |   417 |   248 ||   934
       Scimitar          |       |       |    90 |   770 |  1692 |   819 ||  3371
       Short sword       |       |       |       |    23 |       |       ||    23
       Rapier            |       |       |       |       |    38 |       ||    38
Invok: Divine Shield     |       |       |       |     1 |     6 |     1 ||     8
       Summon Divine War |       |       |       |       |       |     3 ||     3
       Cleansing Flame   |       |       |       |       |       |     1 ||     1
Evoke: Deck              |       |       |       |       |     1 |     1 ||     2
       Wand              |       |       |       |       |     2 |       ||     2
  Use: Scroll            |     1 |       |       |    25 |     8 |     4 ||    38
       Potion            |       |       |       |       |     3 |    10 ||    13
  Eat: Chunk             |       |     7 |    11 |    27 |    47 |    17 ||   109
       Royal jelly       |       |       |       |       |     1 |     2 ||     3
       Pizza             |       |       |       |       |       |     1 ||     1
Armor: Scale mail        |    26 |    27 |       |       |       |       ||    53
       Chain mail        |       |    74 |   141 |   158 |       |       ||   373
       Plate armour      |       |       |       |   191 |   290 |       ||   481
       Crystal plate arm |       |       |       |       |   628 |   537 ||  1165
Dodge: Dodged            |    23 |    48 |    40 |   150 |   266 |   110 ||   637
Block: Shield            |    34 |    77 |   106 |   427 |  1363 |   596 ||  2603
